 Dungeon Crawl Stone Soup version 0.30-a0-867-g305f33218d (webtiles) character file.

Game seed: 1442359433655683018

128 avis the Shooter (level 4, 0/38 HPs)
             Began as a Demigod Hunter on Mar 11, 2023.
             Slain by an iguana (4 damage)
             ... on level 3 of the Dungeon.
             The game lasted 00:17:50 (2553 turns).

avis the Shooter (Demigod Hunter)                   Turns: 2553, Time: 00:17:51

Health: 0/38       AC:  4    Str:  8 (11) XL:     4   Next: 58%
Magic:  6/6        EV: 12    Int:  8 (10) God:
Gold:   114        SH:  0    Dex: 22 (25) Spells: 0/3 levels left

rFire   . . .      SeeInvis .    w - +2 dagger (elec)
rCold   + . .      Faith    .    (no shield)
rNeg    . . .      Spirit   .    c - +0 leather armour
rPois   .          Reflect  .    (no helmet)
rElec   .          Rampage  .    (no cloak)
rCorr   .                        (no gloves)
Will    .....                    p - +0 pair of boots
Stlth   ++                       (no amulet)
HPRegen 0.26/turn                r - ring of protection from cold
MPRegen 0.10/turn                (no ring)

@: brilliant, attractive
A: high MP 1, forlorn, divine attributes, agile 1
a: no special abilities


You were on level 3 of the Dungeon.
You visited 1 branch of the dungeon, and saw 4 of its levels.

You collected 114 gold pieces.

Inventory:

Hand Weapons
 b - a +0 shortbow
 i - a +0 sling
 m - a +0 short sword
 w - a +2 dagger of electrocution (weapon)
Armour
 c - a +0 leather armour (worn)
 p - a +0 pair of boots (worn)
Jewellery
 r - a ring of protection from cold (left hand)
Scrolls
 d - 5 scrolls of identify {unknown}
 e - a scroll of immolation
 f - a scroll of enchant weapon {unknown}
 j - 2 scrolls of blinking {unknown}
 k - a scroll of torment {unknown}
 n - 2 scrolls of teleportation {unknown}
 o - a scroll of fog {unknown}
 t - a scroll of silence {unknown}
 v - a scroll of fear {unknown}
Potions
 h - a potion of brilliance
 l - a potion of heal wounds {unknown}
 q - a potion of berserk rage {unknown}
 u - a potion of lignification {unknown}
 x - a potion of degeneration
 z - a potion of cancellation {unknown}


   Skills:
 - Level 3.0 Fighting
 - Level 4.0 Ranged Weapons
 - Level 2.0 Dodging
 - Level 2.0 Stealth
 * Level 2.2 Unarmed Combat


You couldn't memorise any spells.
You knew the following spells:

 Your Spells              Type           Power      Damage    Failure   Level
a - Beastly Appendage     Tmut           0%         N/A       54%         1
e - Wereblood             Tmut           0%         N/A       67%         2

Your spell library contained the following spells:

 Spells                   Type           Power      Damage    Failure   Level
 Cigotuvi's Dreadful Rot  Necr/Pois/Air  0%         N/A       67%         2
 Spider Form              Tmut/Pois      0%         N/A       88%         3
 Dispel Undead            Necr           0%         3d6       99%         4
 Death Channel            Necr           0%         N/A       100%        6


Dungeon Overview and Level Annotations

Branches:
Dungeon (4/15)
 Temple: D:4-7


Innate Abilities, Weirdness & Mutations

You have an increased reservoir of magic. (+10% MP)
You shall have no god before yourself.
Your divine heritage dramatically boosts your attributes as you level up.
You are agile. (Dex +4, Str/Int -1)


Message History

Fire: b) +0 shortbow
Press: ? - help, Q - select action, (/) - cycle Shift-Dir - straight line, f - iguana
Aim: an iguana (moderately wounded, 69% to hit)
You shoot an arrow. The arrow hits the iguana.
The iguana is heavily wounded.
The iguana barely misses you. The iguana bites you. The iguana bites you.
You climb upwards.
Reactivating autopickup.
There is a stone staircase leading down here.
Fire: b) +0 shortbow
Press: ? - help, Q - select action, (/) - cycle Shift-Dir - straight line, f - iguana
Aim: an iguana (heavily wounded, 69% to hit)
You shoot an arrow. The arrow completely misses the iguana.
The iguana bites you!
* * * LOW HITPOINT WARNING * * *
You feel better. The iguana bites you.
* * * LOW HITPOINT WARNING * * *
It was a potion of degeneration.
There was something very wrong with that liquid.
You feel weakened.
You feel dopey.
You feel clumsy. The iguana completely misses you.
It was a potion of attraction.
You feel attractive to monsters. The iguana barely misses you.
It was a potion of mutation.
You feel extremely strange.
Your feet thicken and deform.
Your hooves expand and flesh out into feet!
You feel agile. The iguana completely misses you.
You hear the crackle of electricity.
w - a +2 dagger of electrocution (weapon)
The iguana barely misses you.
You hit the iguana.
The iguana is severely wounded.
The iguana barely misses you.
You hit the iguana.
The iguana is severely wounded.
The iguana bites you.
You die...

#.#......_..'....#.# #.
#.#..##..........#.# #.
#.#..#......##.....## #.
#.#...#.#+..##......#####.
#.#..####.####.รท#.......#.
#.#.............#.#####...
#...............#.#...#.##
#.###.............+.8.'...
###.# #....@..#.###.#...#..#
##...###...).l.#.#...#####...
##........##..#.#.#..........#
##.###...####..#.#.#.##.##.##.#
##.## ##..# #...#....#...#.##.#
#.## ##.####.#....#...#.......
#.# #.....#.......#...#.##.#
#.## ##.####.#....####.##.##.#
##.## ##..####.##.#.# #.##.##.#


You could see an iguana.

Vanquished Creatures
  An orc wizard (D:4)
  2 adders
  A white imp (D:3)
  2 worms
  2 dart slugs
  3 orcs
  4 endoplasms
  2 giant cockroaches
  3 goblins
  6 hobgoblins
  5 jackals
  A quokka (D:4)
  7 ball pythons
  8 bats
  5 frilled lizards
  3 goblin zombies (D:3)
  A hobgoblin zombie (D:3)
  3 kobolds
  2 kobold skeletons (D:3)
  A kobold zombie (D:3)
  2 orc skeletons (D:3)
  An orc zombie (D:3)
  3 rats
68 creatures vanquished.

Notes
Turn   | Place    | Note
-------+----------+-------------------------------------------
     0 | D:1      | avis the Demigod Hunter began the quest for the Orb.
     0 | D:1      | Reached XP level 1. HP: 17/17 MP: 3/3
    75 | D:1      | Reached skill level 1 in Stealth
   183 | D:1      | Reached XP level 2. HP: 24/24 MP: 4/4
   312 | D:1      | Reached skill level 4 in Ranged Weapons
  1265 | D:2      | Reached XP level 3. HP: 29/29 MP: 5/5
  1947 | D:3      | Learned a level 1 spell: Beastly Appendage
  2165 | D:3      | Reached XP level 4. HP: 38/38 MP: 6/6
  2179 | D:3      | Reached skill level 1 in Unarmed Combat
  2526 | D:3      | Learned a level 2 spell: Wereblood
  2546 | D:3      | HP: 1/38 [iguana (12)]
  2550 | D:3      | Gained mutation: You have large cloven feet. [potion of
                  | mutation]
  2550 | D:3      | Lost mutation: You have large cloven feet. [potion of
                  | mutation]
  2550 | D:3      | Gained mutation: You are agile. (Dex +4, Str/Int -1)
                  | [potion of mutation]
  2553 | D:3      | Slain by an iguana

Illustrated notes

Levels and vault maps discovered:
D:1:      minmay_arrival_stair_chambers, layout_basic,
          chequers_serial_rivers_micro_b
D:2:      layout_basic
D:3:      layout_loops_ring, nicolae_hepliaklqana_hippocampus,
          nicolae_qazlal_general_emergency, mainiacjoe_overflow_small_starburst,
          nicolae_tso_besieged_by_evil, minmay_misc_feat_room
D:4:      layout_basic, serial_shops, kennysheep_mini_moat,
          minmay_misc_feat_cross

Skill      XL: |  1  2  3  4 |
---------------+-------------+-----
Stealth        | 1 2 |  2.0
Dodging        | 2 |  2.0
Fighting       | 2 3 |  3.0
Ranged Weapons | 4 |  4.0
Unarmed Combat | 2 |  2.2

Action                     |  1- 3 |  4- 6 || total
---------------------------+-------+-------++-------
  Melee: Dagger            |     7 |     2 ||     9
   Fire: Shortbow          |   132 |    54 ||   186
   Cast: Wereblood         |       |     1 ||     1
    Use: Potion            |       |     6 ||     6
 Armour: Leather armour    |    18 |    14 ||    32
  Dodge: Dodged            |    29 |    26 ||    55

Table legend: (Time is in decaauts)
 A = Elapsed time spent in this place.
 B = Non-inter-level travel time spent in this place.
 C = Inter-level travel time spent in this place.
 D = Time resting spent in this place.
 E = Time spent auto-exploring this place.
 F = Levels seen in this place.
 G = Mean time per level.
                   A        B        C        D        E       F      G
               +--------+--------+--------+--------+--------+-----+--------+
         Total |   2615 |   2378 |    237 |    144 |   1612 |   4 |  653.8 |
       Dungeon |   2615 |   2378 |    237 |    144 |   1612 |   4 |  653.8 |
               +--------+--------+--------+--------+--------+-----+--------+

Top non-repeatable levels by time:
     D:2: 1023 daAuts
     D:3: 814 daAuts
     D:1: 742 daAuts
     D:4: 34 daAuts
